 Dungeon Crawl Stone Soup version 0.23.2-1-ga50397a (webtiles) character file.

Game seed: 6820675224537909305

2650 whitewolfNL the Grappler (level 9, -8/85 HPs)
             Began as a Troll Berserker on Apr 30, 2019.
             Was an Elder of Trog.
             Killed from afar by a tengu conjurer (19 damage)
             ... with a bolt of magma
             ... on level 9 of the Dungeon on May 1, 2019.
             The game lasted 00:24:28 (4433 turns).

whitewolfNL the Grappler (Troll Berserker)          Turns: 4433, Time: 00:24:28

Health: -8/85      AC:  6    Str: 27    XL:     9   Next: 36%
Magic:  17/17      EV: 11    Int:  8    God:    Trog [****..]
Gold:   232        SH:  6    Dex: 12    Spells: 8/8 levels left

rFire    . . .     SeeInvis .     - Unarmed
rCold    . . .     Gourm    +   (no shield)
rNeg     . . .     Faith    .   p - +0 robe
rPois    .         Spirit   .   (helmet restricted)
rElec    .         Reflect  +   y - scarf {cloud immunity}
rCorr    .         Harm     .   (gloves unavailable)
MR       .....                  (boots unavailable)
Stlth    ++........             j - +6 amulet of reflection
HPRegen  0.64/turn              c - +5 ring of intelligence
MPRegen  0.15/turn              h - ring of magical power

@: about to teleport, berserk cooldown, slowed, very slow
A: large, unfitting armour, claws 3, fast metabolism 3, gourmand, regeneration
1, shaggy fur 1, tough skin 3
a: Berserk, Trog's Hand, Brothers in Arms, Renounce Religion


You were on level 9 of the Dungeon.
You worshipped Trog.
Trog was greatly pleased with you.
You were full.

You visited 1 branch of the dungeon, and saw 8 of its levels.

You collected 232 gold pieces.

Inventory:

Missiles
 g - 22 bolts
 i - 6 needles of sleeping
 k - 7 large rocks (quivered)
 m - 17 poisoned needles
Armour
 p - a +0 robe (worn)
 y - a scarf of cloud immunity (worn)
 D - a +0 cloak
Jewellery
 a - a +2 ring of dexterity {unknown}
 c - a +5 ring of intelligence (left claw)
 h - a ring of magical power (right claw)
 j - a +6 amulet of reflection (around neck)
Wands
 t - a wand of paralysis (11)
 v - a wand of disintegration (5)
 z - a wand of digging (7)
Scrolls
 e - 2 scrolls of teleportation
 l - a scroll of noise {unknown}
 o - 2 scrolls of enchant armour
 q - 2 scrolls of remove curse
 r - 2 scrolls of fog {unknown}
 s - a scroll of blinking {unknown}
 x - 2 scrolls of fear {unknown}
 E - a scroll of identify
 G - a scroll of enchant weapon {unknown}
Potions
 d - a potion of brilliance {unknown}
 f - 5 potions of curing
 n - a potion of might {unknown}
 u - a potion of lignification {unknown}
 A - a potion of mutation {unknown}
 B - a potion of flight {unknown}
 F - a potion of ambrosia {unknown}
Comestibles
 b - 8 rations
 C - 7 chunks of flesh


   Skills:
 * Level 4.6 Fighting
   Level 0.6 Axes
 * Level 4.0 Throwing
 + Level 4.4 Dodging
 - Level 2.0 Stealth
 * Level 9.7 Unarmed Combat


You had 8 spell levels left.
You didn't know any spells.
Your spell library was empty.

Dungeon Overview and Level Annotations

Branches:
Dungeon (7/15)             Temple (0/1) D:6

Altars:
Cheibriados
Dithmenos
Kikubaaqudgha
Nemelex Xobeh
Trog


Innate Abilities, Weirdness & Mutations

You are too large for most types of armour.
You have claws for hands.
Your metabolism is lightning-fast.
You like to eat raw meat.
Your natural rate of healing is unusually fast.
You are covered in fur. (AC +1)
You have extremely tough skin. (AC +3)


Message History

The tengu conjurer pecks you but does no damage.
You block the tengu conjurer's attack. The tengu conjurer hits you.
* * * LOW HITPOINT WARNING * * *
The tengu conjurer pecks you but does no damage.
The tengu conjurer barely misses you.
You barely miss the tengu conjurer. The tengu conjurer hits you.
* * * LOW HITPOINT WARNING * * *
You block the tengu conjurer's attack. The tengu conjurer claws you.
* * * LOW HITPOINT WARNING * * *
You miss the tengu conjurer. The tengu conjurer misses you. x2
The tengu conjurer claws you but does no damage.
You feel better. The tengu conjurer hits you.
* * * LOW HITPOINT WARNING * * *
The tengu conjurer pecks you but does no damage.
The tengu conjurer closely misses you.
As you read the scroll of teleportation, it crumbles to dust.
You feel strangely unstable.
The tengu conjurer casts a spell at you.
The bolt of magma hits you!!
You die...

#..#.# ..# #..#.# ...#
#.##.# ... ####.##.# #..
..##....# ..
...#..#....... #. #.
###...#รท####.....
##...#[##....##.####..)..
#....)*Q@...###)......#..
....##?#...##.....##.## .
. #..##..#......##.##
.... #..#...........
..... #.........#.###
#.###(....#......#.# ...
##....#......# # ..
##..###...### #### ###.#


You could see a tengu conjurer and a battlesphere.

Vanquished Creatures
  A deep elf mage (D:9)
  A hippogriff (D:9)
  3 orc warriors (D:6)
  A black bear (D:4)
  3 phantoms
  A sky beast (D:6)
  An ogre (D:9)
  2 bullfrogs
  4 scorpions
  A killer bee (D:9)
  A howler monkey (D:5)
  A crimson imp (D:6)
  3 hounds
  A centaur zombie (D:5)
  6 orc priests
  5 orc wizards
  2 bullfrog skeletons (D:6)
  Jessica (D:2)
  3 iguanas
  2 worker ants
  A hound zombie (D:5)
  A worker ant zombie (D:5)
  5 adders
  An ooze (D:2)
  2 adder skeletons (D:6)
  A worm (D:2)
  4 leopard geckos
  24 orcs
  2 ball pythons
  3 giant cockroaches
  7 goblins
  6 hobgoblins
  2 jackals (D:2)
  4 quokkas
  6 bats
  7 frilled lizards
  9 kobolds
  A leopard gecko skeleton (D:6)
  4 rats
133 creatures vanquished.

Notes
Turn   | Place    | Note
-------+----------+-------------------------------------------
     0 | D:1      | whitewolfNL the Troll Berserker began the quest for the
                  | Orb.
     0 | D:1      | Reached XP level 1. HP: 22/22 MP: 0/0
   280 | D:1      | Reached XP level 2. HP: 26/29 MP: 1/1
   745 | D:2      | Reached XP level 3. HP: 34/36 MP: 2/2
   759 | D:2      | Noticed Jessica
   763 | D:2      | Killed Jessica
   771 | D:2      | Reached skill level 1 in Throwing
   791 | D:2      | Reached XP level 4. HP: 44/44 MP: 3/3
   828 | D:2      | Reached ** piety under Trog
   895 | D:2      | Reached skill level 4 in Unarmed Combat
   995 | D:2      | Reached skill level 1 in Stealth
   995 | D:2      | Reached XP level 5. HP: 50/50 MP: 4/4
  1779 | D:3      | Noticed a phantom
  1797 | D:3      | Killed a phantom
  1797 | D:3      | Reached skill level 5 in Unarmed Combat
  1797 | D:3      | Reached XP level 6. HP: 54/59 MP: 5/5
  2110 | D:4      | Found a sparkling altar of Nemelex Xobeh.
  2451 | D:4      | Reached skill level 6 in Unarmed Combat
  2899 | D:5      | Entered Level 5 of the Dungeon
  2908 | D:5      | Reached XP level 7. HP: 64/67 MP: 6/6
  2965 | D:5      | Found a bloodstained altar of Trog.
  3441 | D:6      | Reached *** piety under Trog
  3441 | D:6      | Reached skill level 7 in Unarmed Combat
  3602 | D:6      | Found a shadowy altar of Dithmenos.
  3602 | D:6      | Found an ancient bone altar of Kikubaaqudgha.
  3604 | D:6      | Found a snail-covered altar of Cheibriados.
  3646 | D:6      | Reached XP level 8. HP: 75/75 MP: 7/7
  3755 | D:6      | Reached skill level 8 in Unarmed Combat
  4063 | D:6      | Found a staircase to the Ecumenical Temple.
  4332 | D:7      | Reached **** piety under Trog
  4351 | D:7      | You fall through a shaft for 2 floors!
  4366 | D:9      | Reached XP level 9. HP: 70/85 MP: 8/8
  4398 | D:9      | Reached skill level 9 in Unarmed Combat
  4400 | D:9      | Noticed a tengu conjurer
  4402 | D:9      | Noticed a deep elf mage
  4416 | D:9      | HP: 3/85 [deep elf mage/bolt of cold (17)]
  4428 | D:9      | Killed a deep elf mage
  4433 | D:9      | Killed from afar by a tengu conjurer

Skill      XL: |  1  2  3  4  5  6  7  8  9 |
---------------+----------------------------+-----
Throwing       | 1 2 3 4 |  4.0
Unarmed Combat | 4 5 6 7 8 9 |  9.7
Stealth        | 1 2 |  2.0
Dodging        | 3 4 |  4.4
Fighting       | 3 4 |  4.6
Axes           | |  0.6

Action                   |  1- 3 |  4- 6 |  7- 9 || total
-------------------------+-------+-------+-------++-------
Melee: Unarmed           |    91 |   156 |   170 ||   417
       Punch             |       |     2 |     5 ||     7
       Battleaxe         |       |       |    50 ||    50
Invok: Berserk           |     2 |     5 |    10 ||    17
  Use: Scroll            |       |       |     9 ||     9
       Potion            |       |       |     4 ||     4
 Stab: Sleeping          |       |       |     2 ||     2
  Eat: Chunk             |    13 |    22 |    25 ||    60
Armor: Animal skin       |    40 |    13 |       ||    53
       Robe              |       |    18 |    52 ||    70
Dodge: Dodged            |    51 |    54 |   107 ||   212
Block: Other             |    34 |    37 |    57 ||   128
       Reflection        |     2 |     1 |       ||     3
